 Dungeon Crawl Stone Soup version 0.25.1-2-g60ff931df9 (webtiles) character file.

Game seed: 3576366346382904691

176 DogServant the Insei (level 5, -6/33 HPs)
             Began as an Octopode Transmuter on Nov 10, 2020.
             Mangled by a gnoll
             ... wielding a cursed -2 halberd
              (14 damage)
             ... on level 2 of the Dungeon.
             The game lasted 00:02:33 (2249 turns).

DogServant the Insei (Octopode Transmuter)          Turns: 2249, Time: 00:02:35

Health: -6/33      AC:  1    Str:  9    XL:     5   Next: 56%
Magic:  3/8        EV: 13    Int: 16    God:
Gold:   62         SH:  0    Dex: 13    Spells: 2/8 levels left

rFire    . . .     SeeInvis .     - Unarmed
rCold    . . .     Gourm    .   (no shield)
rNeg     . . .     Faith    .   (helmet restricted)
rPois    .         Spirit   .   (no amulet)
rElec    .         Reflect  .   (no ring)
rCorr    .         Harm     .   (no ring)
MR       .....                  (no ring)
Stlth    ++........             (no ring)
HPRegen  0.11/turn              (no ring)
MPRegen  0.11/turn              (no ring)
                                (no ring)
                                (no ring)

@: appendage
A: almost no armour, stealthy swim, amphibious, 8 rings, constrict 8, tentacle
spike 3, camouflage 1, gelatinous body 1
a: End Transformation


You were on level 2 of the Dungeon.
You were hungry.
One of your tentacles had a temporary spike.
You visited 1 branch of the dungeon, and saw 2 of its levels.

You collected 62 gold pieces.

Inventory:

Missiles
 a - 10 arrows
Scrolls
 j - a scroll of remove curse
 p - a scroll of identify
Potions
 e - a potion of flight
 f - a potion of magic
 h - a potion of cancellation {unknown}
 i - a potion of haste {unknown}
 k - a potion of might {unknown}
 n - a potion of brilliance {unknown}
 o - a potion of curing {unknown}
Comestibles
 c - 2 rations


   Skills:
 - Level 1.0 Fighting
 - Level 2.0 Dodging
 + Level 4.7 Unarmed Combat
 - Level 2.0 Spellcasting
 + Level 4.1 Transmutations


You had 2 spell levels left.
You knew the following spells:

 Your Spells              Type           Power        Failure   Level  Hunger
a - Beastly Appendage     Tmut           ##....       3%          1    #......
b - Sticks to Snakes      Tmut           ##......     5%          2    ###....
c - Spider Form           Tmut/Pois      #.........   26%         3    ###....

Your spell library contained the following spells:

 Spells                   Type           Power        Failure   Level  Hunger
 Ice Form                 Ice/Tmut       #.......     65%         4    #####..
 Blade Hands              Tmut           ##........   71%         5    ######.


Dungeon Overview and Level Annotations

Branches:
Dungeon (2/15)

Altars:


Innate Abilities, Weirdness & Mutations

You cannot wear most types of armour.
You are very stealthy in the water. (Stealth+)
You are amphibious.
You can wear up to eight rings at the same time.
You can use your tentacles to constrict eight enemies at once.
Your skin changes colour to match your surroundings (Stealth+).
Your rubbery body absorbs attacks. (AC +1, EV +1)
One of your tentacles bears a large vicious spike.


Message History

It was a scroll of noise.
You hear a shout!
The bat hits you.
As you read the scroll labeled HUMYMN KOROMA, it crumbles to dust.
It is a scroll of amnesia.
Really abort (and waste the scroll)?
Okay, then.
The bat barely misses you. The gnoll barely misses you.
Casting: Beastly Appendage (safe; 3% risk of failure)
Confirm with . or Enter, or press ? or * to list all spells.
You create a snake!
You now have 11 arrows.
The bat hits you. The gnoll barely misses you. x2
Casting: Sticks to Snakes (safe; 5% risk of failure)
Confirm with . or Enter, or press ? or * to list all spells.
You create a snake!
You now have 10 arrows.
You feel sick.
You are no longer poisoned.
The gnoll hits you from afar with a +0 halberd!
* * * LOW HITPOINT WARNING * * *
The gnoll hits you from afar with a cursed -2 halberd!
You die...

......#
#.##..........######'##
...<..# #.####......### #.##
.)....# #.# #......# #..#
####### #.# ######## #..##
##'########## #...#
#.........§.# #.#.#
#.)...§§§§§§# #.#..
#.....§§§§.§# #.##.
#.†...g§@§§.# #.##.
#.....g§§SS.# #.##.
#...g.§§§§§.# #.###
#.†.........#########'###
......g..)......##......[....
................#............
##...#...########.........÷..
#...#...# #....####'###
#...#...# #....##.....#


You could see 2 gnolls and 2 friendly ball pythons.

Vanquished Creatures
  Jessica (D:2)
  Natasha (thrice) (D:2)
  4 adders (D:2)
  An ooze (D:1)
  A worm (D:2)
  A leopard gecko (D:1)
  A ball python (D:2)
  2 giant cockroaches
  6 goblins
  3 hobgoblins
  4 bats
  2 frilled lizards
  6 kobolds
  3 rats
38 creatures vanquished.

Notes
Turn   | Place    | Note
-------+----------+-------------------------------------------
     0 | D:1      | DogServant the Octopode Transmuter began the quest for the
                  | Orb.
     0 | D:1      | Reached XP level 1. HP: 13/13 MP: 3/3
   393 | D:1      | Reached XP level 2. HP: 17/18 MP: 3/5
   878 | D:1      | Reached XP level 3. HP: 23/23 MP: 4/6
  1318 | D:2      | Found a faded altar of an unknown god.
  1329 | D:2      | Noticed Natasha
  1337 | D:2      | Learned a level 2 spell: Sticks to Snakes
  1341 | D:2      | Learned a level 3 spell: Spider Form
  1355 | D:2      | Killed Natasha
  1653 | D:2      | Reached XP level 4. HP: 28/28 MP: 3/7
  1706 | D:2      | Noticed Natasha
  1995 | D:2      | Killed Natasha
  2210 | D:2      | Reached XP level 5. HP: 32/33 MP: 6/8
  2216 | D:2      | Noticed Jessica
  2222 | D:2      | Noticed Natasha
  2224 | D:2      | Killed Jessica
  2231 | D:2      | Killed Natasha
  2249 | D:2      | Mangled by a gnoll

Illustrated notes

Levels and vault maps discovered:
D:1:      lemuel_arrival_tunnels, layout_loops_corners
D:2:      layout_basic, chequers_ecumenical_altar_simple, uniq_natasha,
          uniq_sigmund, uniq_jessica

Skill      XL: |  1  2  3  4  5 |
---------------+----------------+-----
Transmutations | 3 4 |  4.1
Unarmed Combat | 4 |  4.7
Fighting       | |  1.0
Dodging        | |  2.0
Spellcasting   | |  2.0

Action                   |  1- 3 |  4- 6 || total
-------------------------+-------+-------++-------
Melee: Unarmed           |    47 |    42 ||    89
       Constrict         |    13 |     7 ||    20
       Kick              |     7 |     2 ||     9
       Tentacles         |     4 |     6 ||    10
       Punch             |     1 |       ||     1
 Cast: Beastly Appendage |    11 |     4 ||    15
       Spider Form       |     2 |     3 ||     5
       Sticks to Snakes  |       |     2 ||     2
  Use: Scroll            |       |     7 ||     7
 Stab: Sleeping          |     5 |     2 ||     7
  Eat: Ration            |     1 |       ||     1
       Chunk             |       |     1 ||     1
Armor: Skin              |     6 |     9 ||    15
Dodge: Dodged            |    28 |    54 ||    82
